 Dungeon Crawl Stone Soup version 0.29-a0-841-g116ddc6ace (webtiles) character file.

Game seed: 15483823886205310562

577345 iguanaiguana the Worldbinder (level 27, -8/238 HPs)
             Began as a Meteoran Summoner on July 13, 2022.
             Was a High Priest of Sif Muna.
             Killed from afar by a ynoxinul (14 damage)
             ... with an iron shot
             ... in Pandemonium on July 14, 2022.
             The game lasted 05:53:03 (19333 turns).

iguanaiguana the Worldbinder (Meteoran Summoner)   Turns: 19333, Time: 05:53:03

Health: -8/238     AC: 15    Str: 11    XL:     27
Magic:  0/47       EV: 15    Int: 47    God:    Sif Muna [*****.]
Gold:   3553       SH: 24    Dex: 24    Spells: 0/64 levels left

rFire   + + .      SeeInvis +   b - staff of air
rCold   . . .      Faith    .   W - +3 tower shield {AC+3}
rNeg    + . .      Spirit   +   O - +2 robe {Archmagi}
rPois   .          Reflect  .   s - +2 helmet {Int+3}
rElec   +          Harm     .   i - +0 cloak "Dasan" {+Inv rF+ Dex+6 SInv}
rCorr   +          Rampage  .   K - +1 pair of gloves {hurl}
Will    +++..      Archmagi +   q - +0 pair of boots of Keyc {Int+3 Stlth-}
Stlth   +.........              y - amulet of Happiness {Spirit rElec Regen+ Int+4}
HPRegen 1.29/turn               C - ring of Cowardice {+Blink rElec rF+ rN+ Will+}
MPRegen 0.30/turn               Z - ring "Paginuihi" {Fly Will- rCorr Int+8 Slay+4}

@: about to teleport, marked, forested, calling dragons, flying, glowing
A: sense surroundings 3, otherworldly, glowing, explore regen, passive freeze
}: 5/15 runes: decaying, slimy, silver, abyssal, gossamer
a: Renounce Religion, Evoke Blink, Evoke Invisibility, Channel Magic, Forget
Spell, Divine Exegesis


You were in Pandemonium.
You worshipped Sif Muna.
Sif Muna was extremely pleased with you.
You visited 8 branches of the dungeon, and saw 45 of its levels.
You visited Pandemonium 1 time, and saw 6 of its levels.
You visited the Abyss 2 times.
You visited 1 ziggurat, and saw 15 of its levels.
You also visited: Bailey and Ice Cave.

You collected 5548 gold pieces.
You spent 1995 gold pieces at shops.

Inventory:

Missiles
 P - 12 silver javelins
 R - 7 throwing nets
Armour
 i - the +0 cloak "Dasan" (worn) {+Inv rF+ Dex+6 SInv}
   (You found it on level 5 of the Vaults)

   Dex:       It affects your dexterity (+6).
   rF:        It protects you from fire.
   SInv:      It lets you see invisible.
   +Inv:      It lets you turn invisible.
 q - the +0 pair of boots of Keyc (worn) {Int+3 Stlth-}
   (You found it on level 13 of a ziggurat)

   Int:       It affects your intelligence (+3).
   Stlth:     It makes you less stealthy.
 s - a +2 helmet of intelligence (worn)
 z - the +1 pair of boots of Gibb {+Blink Will- Int+9}
   (You found it on level 15 of a ziggurat)

   Int:       It affects your intelligence (+9).
   +Blink:    It lets you blink.
   Will:      It decreases your willpower.
 G - a +0 pair of gloves of strength
 K - a +1 pair of gloves of hurling (worn)
 O - a +2 robe of the Archmagi (worn)
 W - a +3 tower shield of protection (worn)
Magical Staves
 b - a staff of air (weapon)
Jewellery
 y - the amulet of Happiness (around neck) {Spirit rElec Regen+ Int+4}
   (You found it on level 3 of a ziggurat)

   [amulet of guardian spirit]

   It causes incoming damage to be divided between your reserves of health and
   magic.
   Int:       It affects your intelligence (+4).
   rElec:     It insulates you from electricity.
   Regen:     It increases your rate of health regeneration.
 C - the ring of Cowardice (left hand) {+Blink rElec rF+ rN+ Will+}
   (You found it on level 5 of the Pits of Slime)

   [ring of positive energy]

   rF:        It protects you from fire.
   rElec:     It insulates you from electricity.
   rN:        It protects you from negative energy.
   +Blink:    It lets you blink.
   Will:      It increases your willpower.
 F - the ring of the Coward {Contam rC+ Will+++ EV+4}
   (You found it on level 7 of a ziggurat)

   [ring of evasion]

   EV:        It affects your evasion (+4).
   rC:        It protects you from cold.
   Contam:    It causes magical contamination when unequipped.
   Will:      It greatly increases your willpower.
 J - a ring of willpower
 M - a ring of protection from fire
 Q - a ring of positive energy
 S - the ring "Deastra" {Wiz Str+3 SInv}
   (You found it on level 6 of a ziggurat)

   [ring of wizardry]

   It improves your spell success rate.
   Str:       It affects your strength (+3).
   SInv:      It lets you see invisible.
 Z - the ring "Paginuihi" (right hand) {Fly Will- rCorr Int+8 Slay+4}
   (You acquired it on level 5 of the Pits of Slime)

   [ring of slaying]

   Int:       It affects your intelligence (+8).
   Slay:      It affects your accuracy & damage with ranged weapons and melee
   (+4).
   Fly:       It grants you flight.
   rCorr:     It protects you from acid and corrosion.
   Will:      It decreases your willpower.
Wands
 d - a wand of digging (19) {@v3}
 f - a wand of charming (5)
 g - a wand of acid (5) {@v1}
 n - a wand of mindburst (19)
 u - a wand of iceblast (11) {@v2}
Scrolls
 c - 3 scrolls of magic mapping {@r5}
 m - a scroll of blinking {@r4}
 o - a scroll of silence
 w - a scroll of amnesia
 B - 16 scrolls of teleportation {@r3}
 E - 3 scrolls of fog
 H - 4 scrolls of immolation
 N - 2 scrolls of fear
 T - 6 scrolls of summoning
 U - 7 scrolls of vulnerability
Potions
 h - 11 potions of curing {@q1}
 j - 7 potions of lignification
 l - 14 potions of mutation
 p - a potion of berserk rage
 r - 4 potions of attraction
 t - 2 potions of might {@q3}
 v - 7 potions of ambrosia
 x - a potion of heal wounds {@q2}
 A - 5 potions of brilliance
 I - 10 potions of magic
 L - 3 potions of cancellation
 V - a potion of haste {@q4}
Miscellaneous
 a - a phantom mirror
 e - a condenser vane
 k - a lightning rod (4/4)
 X - a phial of floods
 Y - a tin of tremorstones (2/2)


   Skills:
 - Level 18.0 Fighting
 - Level 6.0 Long Blades
 - Level 4.0 Throwing
 - Level 6.0 Armour
 - Level 6.0 Dodging
 - Level 1.4 Stealth
 - Level 15.0 Shields
 - Level 17.4 Unarmed Combat
 - Level 19.0 Spellcasting
 - Level 2.0 Hexes
 - Level 24.0 Summonings
 + Level 10.9 Translocations
 - Level 12.0 Transmutations
 - Level 19.9 Air Magic
 - Level 17.4 Invocations
 - Level 4.0 Evocations


You couldn't memorise any spells.
You knew the following spells:

 Your Spells              Type           Power      Damage    Failure   Level
a - Summon Horrible Thin  Summ           79%        N/A       1%          8
b - Summon Mana Viper     Hex/Summ       100%       N/A       1%          5
c - Dragon's Call         Summ           79%        N/A       9%          9
d - Maxwell's Capacitive  Air            87%        ∞         3%          8
e - Manifold Assault      Tloc           100%       N/A       1%          5
f - Summon Forest         Summ/Tloc      71%        N/A       1%          5
g - Blink                 Tloc           100%       N/A       1%          2
h - Passage of Golubria   Tloc           100%       N/A       1%          4
i - Storm Form            Tmut/Air       82%        N/A       1%          7
j - Apportation           Tloc           100%       N/A       1%          1
k - Malign Gateway        Summ/Tloc      71%        N/A       1%          7
l - Swiftness             Air            100%       N/A       0%          3

Your spell library contained the following spells:

 Spells                   Type           Power      Damage    Failure   Level
 Beastly Appendage        Tmut           100%       N/A       0%          1
 Summon Small Mammal      Summ           100%       N/A       0%          1
 Call Imp                 Summ           100%       N/A       0%          2
 Call Canine Familiar     Summ           100%       N/A       0%          3
 Airstrike                Air            87%        0-26+     0%          4
 Summon Lightning Spire   Summ/Air       100%       N/A       0%          4
 Summon Cactus Giant      Summ           79%        N/A       0%          6
 Freeze                   Ice            100%       1d11      1%          1
 Magic Dart               Conj           100%       1d8       1%          1
 Necrotise                Necr           100%       1d9       1%          1
 Shock                    Conj/Air       100%       1d9       1%          1
 Passwall                 Tmut/Erth      83%        N/A       1%          2
 Poisonous Vapours        Pois/Air       100%       N/A       1%          2
 Static Discharge         Conj/Air       100%       3-16/arc  1%          2
 Wereblood                Tmut           100%       N/A       1%          2
 Gell's Gravitas          Tloc           100%       N/A       1%          3
 Lesser Beckoning         Tloc           100%       N/A       1%          3
 Mephitic Cloud           Conj/Pois/Air  100%       N/A       1%          3
 Portal Projectile        Hex/Tloc       100%       N/A       1%          3
 Spider Form              Tmut/Pois      100%       N/A       1%          3
 Summon Guardian Golem    Hex/Summ       100%       N/A       1%          3
 Teleport Other           Tloc           100%       N/A       1%          3
 Tukima's Dance           Hex            76%        N/A       1%          3
 Animate Armour           Summ/Erth      100%       N/A       1%          4
 Corpse Rot               Necr/Pois/Air  100%       N/A       1%          4
 Ice Form                 Ice/Tmut       100%       N/A       1%          4
 Iskenderun's Mystic Bla  Conj/Tloc      98%        2d19      1%          4
 Petrify                  Tmut/Erth      100%       N/A       1%          4
 Summon Ice Beast         Ice/Summ       100%       N/A       1%          4
 Blade Hands              Tmut           62%        N/A       1%          5
 Lightning Bolt           Conj/Air       71%        1d96      1%          5
 Silence                  Hex/Air        73%        N/A       1%          5
 Monstrous Menagerie      Summ           79%        N/A       1%          7
 Summon Hydra             Summ           79%        N/A       1%          7
 Scorch                   Fire           100%       2d10      2%          2
 Yara's Violent Unravell  Hex/Tmut       52%        3d20      2%          5
 Dispersal                Tloc           61%        N/A       2%          6
 Inner Flame              Hex/Fire       69%        N/A       3%          3
 Alistair's Intoxication  Tmut/Pois      66%        N/A       3%          5
 Freezing Cloud           Conj/Ice/Air   63%        6-21      3%          5
 Frozen Ramparts          Ice            100%       1d12      4%          3
 Ozocubu's Armour         Ice            61%        N/A       4%          3
 Vampiric Draining        Necr           61%        2d10      4%          3
 Conjure Ball Lightning   Conj/Air       71%        3x3d26    4%          6
 Cause Fear               Hex            38%        N/A       7%          4
 Dragon Form              Tmut           62%        N/A       10%         7
 Haunt                    Necr/Summ      62%        N/A       10%         7
 Spellforged Servitor     Conj/Summ      62%        N/A       10%         7
 Anguish                  Hex/Necr       34%        N/A       11%         4
 Fulminant Prism          Conj/Hex       34%        3d16      11%         4
 Leda's Liquefaction      Hex/Erth       34%        N/A       11%         4
 Animate Dead             Necr           61%        N/A       16%         4
 Dispel Undead            Necr           61%        3d21      16%         4
 Flame Wave               Conj/Fire      61%        2d12      16%         4
 Hailstorm                Conj/Ice       61%        3d13      16%         4
 Olgreb's Toxic Radiance  Pois           61%        N/A       16%         4
 Sticky Flame             Conj/Fire      61%        2d8       16%         4
 Eringya's Noxious Bog    Tmut/Pois      50%        N/A       21%         6
 Statue Form              Tmut/Erth      66%        N/A       21%         6
 Metabolic Englaciation   Hex/Ice        34%        N/A       28%         5
 Agony                    Necr           61%        N/A       41%         5
 Borgnjor's Vile Clutch   Necr/Erth      30%        N/A       41%         5
 Iskenderun's Battlesphe  Conj           61%        2d11      41%         5
 Lee's Rapid Deconstruct  Erth           30%        3d17*     41%         5
 Death Channel            Necr           30%        N/A       94%         6
 Iron Shot                Conj/Erth      30%        9d6       94%         6
 Simulacrum               Ice/Necr       30%        N/A       94%         6
 Enfeeble                 Hex            38%        N/A       99%         7
 Orb of Destruction       Conj           30%        9d10      100%        7
 Ozocubu's Refrigeration  Ice            30%        4d11      100%        7
 Discord                  Hex            38%        N/A       100%        8
 Lehudib's Crystal Spear  Conj/Erth      30%        10d8      100%        8
 Chain Lightning          Conj/Air       71%        3d94      100%        9
 Shatter                  Erth           30%        3d25*     100%        9


Dungeon Overview and Level Annotations

Branches:
Dungeon (15/15) Zot: 1796    Lair (6/6) D:8 Zot: 733   Swamp (4/4) Lair:3 Zot: 1492
 Spider (4/4) Lair:3 Zot: 1637   Slime (5/5) Lair:6 Zot: 2457     Orc (2/2) D:10 Zot: 96
    Elf (0/3) Orc:2        Vaults (5/5) D:13 Zot: 740  Depths (4/4) D:15 Zot: 530
    Zot (0/5) Depths:4     Bailey (visited)           IceCv (visited)
 Temple: D:4-7        Crypt: Vaults:2-3

Altars:
Dithmenos
Okawaru
Qazlal
Ru
Sif Muna
Vehumet
Wu Jian
Jiyva

Shops:
D:2 =   D:5 *   Orc:1 [   Orc:2 ([!=?

Portals:
Hell: Depths:1 Depths:2 Depths:3 Depths:4
Abyss: Depths:3
Pandemonium: Orc:2 Depths:2

Annotations:
D:5 exclusion: ogre
D:10 exclusion: downstairs
Depths:2 exclusion: hellion


Innate Abilities, Weirdness & Mutations

You passively map a large area around you.
You are easily found by Zot.
You glow in the dark.
You regain HP and MP as you explore.
A frigid envelope surrounds you and freezes all who hurt you.


Message History

* * * LOW HITPOINT WARNING * * *
The Brimstone Fiend is frozen!
The Brimstone Fiend is very cold.
The Brimstone Fiend is moderately wounded.
The ynoxinul gestures.
The Tzitzimitl calls on the powers of darkness!
Your golden dragon convulses!
Your body is wracked with pain!
* * * LOW HITPOINT WARNING * * *
An efreet comes into view.
It is wielding a +0 scimitar of flaming.
You feel much better.
A dragon tries to answer your call, but you don't have enough magical power! x2
Your golden dragon burns!
The blizzard demon gestures at you.
The demonspawn blood saint conjures a destructive force in the name of Makhleb!
The fireball explodes!
The fireball engulfs your golden dragon!!
Your golden dragon resists.
Your golden dragon dies!
Your golden dragon's corpse disappears in a puff of smoke!
The fireball engulfs you. You resist.
* * * LOW HITPOINT WARNING * * *
The fireball engulfs the ufetubus!!!
The ufetubus is burned terribly!
The ufetubus dies!
The ufetubus disappears in a puff of smoke!
The fireball explodes!
The fireball engulfs you! You resist.
* * * LOW HITPOINT WARNING * * *
The blizzard demon waves its arms in wide circles.
The air twists around and strikes you!
* * * LOW HITPOINT WARNING * * *
A demonspawn black sun comes into view.
It is wielding a +2 demon whip of freezing.
The Brimstone Fiend hits you!
* * * LOW HITPOINT WARNING * * *
The Brimstone Fiend is frozen!
The Brimstone Fiend is very cold.
The Brimstone Fiend is moderately wounded.
The ynoxinul gestures at you. The iron shot hits you.
* * * LOW HITPOINT WARNING * * *
The ynoxinul gestures at you. The iron shot hits you!
You die...

* * , , ,, * ** , , , , ,
,* * *, , , , , , ,, *, , ,
, * , * , * , , ∩ * * ...#
♣♣♣ * .# , ,
#..####♣♣♣♣#♣.♣♣♣♣♣♣##○.. *
* ,
#.....)♣...♣.5..@165.3R..*
,,
#...#.♣..66...§§♣243.....
......)♣...)63.♣.2562....*
, ....#.#...).531..........
*** ,*
....##.♣.....5.♣......... ,
,
.................♣.......*
** *
....................♣.... *
....#...♣................ ,
, *
$........................,,
,,


You could see 2 demonspawn warmongers, a Tzitzimitl (resistant), a Brimstone
Fiend (fast, agile), 2 demonspawn blood saints, a demonspawn black sun, 3
blizzard demons, a soul eater (strong, agile, resistant), an ice devil (fast),
an efreet (resistant), 3 ynoxinuls and 5 ufetubi.

Vanquished Creatures
  the Royal Jelly (Slime:5)
  4 pandemonium lords
  A shard shrike (Zig:14)
  A golden dragon (Depths:4)
  A Tzitzimitl (Pan)
  A pearl dragon (Zig:3)
  A walking crystal tome (Depths:1)
  A deep elf blademaster (Depths:1)
  A deep elf master archer (Zig:12)
  2 liches (Depths:3)
  A quicksilver dragon (Depths:4)
  2 acid blobs (Slime:5)
  A tentacled starspawn (Abyss:4)
  Kirke (Swamp:3)
  2 tengu reavers (Vaults:5)
  A shadow dragon (Depths:4)
  2 demonspawn warmongers (Pan)
  2 rockslimes (Slime:5)
  2 draconian monks
  3 fire giants
  3 draconian knights
  An azure jelly (Slime:5)
  A cacodemon (Pan)
  Louise (D:15)
  2 balrugs (Pan)
  2 ghost moths
  A draconian scorcher (Zig:11)
  2 iron dragons
  4 frost giants
  A draconian shifter (Zig:10)
  6 very ugly things
  2 spriggan defenders (Depths:2)
  A draconian annihilator (Zig:9)
  3 ironbound preservers (Vaults:5)
  2 stone giants
  3 reapers (Pan)
  4 demonspawn corrupters (Pan)
  3 quicksilver oozes (Slime:5)
  A demonspawn blood saint (Pan)
  2 green draconians (Zig:11)
  2 yellow draconians
  3 black draconians
  2 red draconians
  A dire elephant (Zig:8)
  2 demonspawn black suns (Pan)
  A purple draconian (Depths:4)
  2 lorocyprocas (Pan)
  A spark wasp (Depths:1)
  2 entropy weavers
  3 ettins
  A fire dragon (Depths:2)
  2 blizzard demons (Pan)
  A jiangshi (Depths:3)
  4 merfolk javelineers
  A great orb of eyes (Slime:2)
  2 yaktaur captains
  A rakshasa (Depths:2)
  2 ice dragons
  3 hydras
  A spriggan air mage (Depths:1)
  2 ogre magi
  A demonspawn (Orc:2)
  3 two-headed ogres
  3 centaur warriors
  A catoblepas (Zig:8)
  3 satyrs (Zig:12)
  A hell hog (Abyss:4)
  3 tengu warriors
  2 spriggan berserkers (Depths:4)
  2 sun demons (Pan)
  4 soul eaters (Pan)
  11 hell knights
  An iron troll (Depths:2)
  6 deep trolls
  2 sixfirhies (Pan)
  A shadow demon (Pan)
  An orb spider (Spider:4)
  A swamp dragon (Swamp:4)
  A glowing orange brain (Abyss:4)
  A bog body (Swamp:1)
  2 phantasmal warriors (Vaults:5)
  4 orc knights
  2 ironbound convokers (Vaults:5)
  3 wizards (D:12)
  A necromancer (Depths:4)
  8 orc sorcerers
  2 fauns (Zig:12)
  4 wolf spiders
  A cyclops (Orc:1)
  4 ugly things
  An apocalypse crab (Abyss:4)
  3 nameless horrors
  8 cane toads
  4 smoke demons (Pan)
  A torpor snail (Lair:3)
  A demonic crawler (Pan)
  3 unseen horrors
  A hellion (Abyss:4)
  2 komodo dragons
  A rime drake (Lair:5)
  An ice devil (Pan)
  3 yaktaurs
  A freezing wraith (Abyss:1)
  6 hellwings (Pan)
  2 red devils
  2 tormentors
  A polar bear (Zig:8)
  A tyrant leech (Swamp:3)
  Grinder (D:5)
  A tarantella (Spider:2)
  2 hornets
  3 large abominations
  A blink frog (Abyss:4)
  3 slime creatures
  A starcursed mass (Abyss:1)
  2 culicivoras
  2 spriggans (Depths:1)
  A water elemental (Depths:1)
  2 basilisks
  A fire bat (Depths:2)
  15 yaks
  4 wyverns
  Grum (D:10)
  A steam dragon (D:8)
  5 chaos spawn
  3 swamp worms
  2 hell hounds (D:15)
  4 water moccasins
  A swamp drake (Swamp:4)
  10 orc warriors
  3 wolves
  2 boggarts (D:15)
  2 centaurs (D:15)
  4 bullfrogs
  A wight (D:8)
  A killer bee (D:10)
  An electric eel (D:4)
  3 jellies
  A hound (D:7)
  7 orc priests
  An iguana (D:7)
  7 orc wizards
  A gnoll (D:8)
  3 adders
  19 orcs
  A ball python (D:3)
  2 bats
  2 endoplasms (Lair:6)
  A goblin (D:12)
  4 hobgoblins
  A jackal (D:5)
  A kobold (Bailey)
  A rat (D:2)
  A starspawn tentacle (Abyss:4)
372 creatures vanquished.

Vanquished Creatures (collateral kills)
  2 dread liches (Vaults:5)
  Mennas (Pan)
  An ancient lich (Vaults:5)
  A Killer Klown (Zig:13)
  Nikola (Depths:1)
  A Tzitzimitl (Zig:13)
  the Enchantress (Depths:1)
  5 tentacled monstrosities
  2 pandemonium lords
  A Hell Sentinel (Pan)
  A hellephant (Zig:8)
  Jorgrun (Swamp:3)
  4 liches
  2 Ice Fiends
  3 titans (Vaults:5)
  12 acid blobs
  6 Executioners
  2 walking divine tomes
  2 sphinxes
  A sphinx (shapeshifter) (Zig:13)
  Agnes (Spider:1)
  2 daevas (Zig:3)
  2 storm dragons
  7 azure jellies
  5 rockslimes
  5 shadow dragons (Vaults:5)
  3 tengu reavers (Vaults:5)
  A thorn hunter (Swamp:4)
  3 emperor scorpions
  2 fire giants
  A deep elf sorcerer (Abyss:1)
  6 frost giants
  2 iron dragons (Vaults:5)
  3 draconian scorchers
  An iron dragon (shapeshifter) (Zig:13)
  Aizul (D:15)
  7 vault wardens
  2 narguns (Zig:7)
  A balrug (Pan)
  2 orc warlords (Depths:1)
  4 ghost moths
  2 draconian shifters
  A draconian annihilator (Zig:11)
  4 reapers (Pan)
  4 quicksilver oozes
  8 ironbound preservers
  2 demonspawn blood saints (Pan)
  3 demonspawn corrupters (Pan)
  15 stone giants
  19 very ugly things
  An ophan (Abyss:4)
  5 draconian stormcallers
  2 demonspawn black suns (Pan)
  Nessos (D:13)
  A war gargoyle (Vaults:5)
  3 ironbound thunderhulks
  3 spriggan defenders (Depths:1)
  6 broodmothers (Spider:4)
  A deep elf demonologist (Vaults:5)
  A green draconian (Zig:11)
  4 eleionomae
  2 black draconians
  A lorocyproca (Zig:4)
  A bunyip (Swamp:3)
  8 entropy weavers
  2 vampire knights (Depths:3)
  3 yellow draconians
  A dire elephant (Zig:8)
  3 red draconians
  2 green deaths (Pan)
  2 spark wasps
  2 blizzard demons (Pan)
  A fire dragon (shapeshifter) (Vaults:5)
  5 ettins (Vaults:5)
  2 deep elf death magi (Vaults:5)
  A merfolk impaler (Depths:3)
  A shambling mangrove (Abyss:4)
  2 jiangshi (Depths:3)
  A merfolk javelineer (Zig:12)
  6 yaktaur captains
  3 deep elf high priests
  8 great orbs of eyes
  2 fire dragons
  2 hell beasts
  A hydra (shapeshifter) (Vaults:5)
  5 ice dragons
  28 vault guards
  2 rakshasas
  3 boulder beetles
  14 hydras
  A jorogumo (Spider:4)
  2 radroaches (Zig:15)
  2 catoblepae (Lair:6)
  4 ghost crabs
  6 spriggan air magi
  A satyr (Zig:12)
  2 centaur warriors
  4 two-headed ogres
  Erica (D:8)
  8 tengu warriors
  3 ironbound frosthearts
  3 deep troll shamans
  The ghost of avis the Chiller, a novice DgIE (D:11)
  8 spriggan berserkers
  2 hell hogs (Abyss:4)
  A vampire mage (Depths:3)
  5 deep troll earth magi
  8 hell knights
  2 thrashing horrors (Abyss:1)
  7 orc high priests
  3 soul eaters
  6 sun demons (Pan)
  A fire crab (shapeshifter) (D:14)
  A shadow wraith (Vaults:5)
  8 iron trolls
  2 wretched stars (Abyss:4)
  A fire crab (Abyss:4)
  3 pharaoh ants
  29 deep trolls
  13 swamp dragons
  A deep troll (shapeshifter) (Vaults:5)
  A spriggan druid (Swamp:2)
  2 orange crystal statues
  3 goliath frogs
  9 orb spiders
  4 deep elf archers (Depths:1)
  A shadow demon (Abyss:4)
  6 steelbarb worms
  3 bog bodies (Swamp:4)
  8 ironbound convokers
  6 wizards
  2 phantasmal warriors (Vaults:5)
  An obsidian statue (Zig:14)
  A lindwurm (Zig:8)
  An iron dragon zombie (Depths:3)
  A deep elf pyromancer (D:10)
  8 orc knights
  10 wolf spiders
  3 necromancers
  2 orc sorcerers
  2 shining eyes (Slime:5)
  20 ugly things
  A faun (Zig:12)
  33 slime creatures
  2 cyclopes
  A fire giant zombie (Zig:2)
  3 will-o-the-wisps
  2 manticores
  2 rust devils
  6 vault sentinels
  A moth of wrath (Zig:5)
  5 black mambas (Lair:6)
  A guardian serpent (Lair:6)
  2 orange demons
  7 cane toads
  8 torpor snails
  3 smoke demons
  3 eyes of devastation
  A cane toad (shapeshifter) (Zig:13)
  2 rime drakes
  7 demonic crawlers
  A hellion (Pan)
  2 komodo dragons (Lair:6)
  A rime drake (shapeshifter) (Depths:4)
  2 freezing wraiths (Vaults:5)
  An ancient zyme (Abyss:1)
  25 yaktaurs
  A tormentor (Zig:13)
  A guardian mummy (Zig:2)
  2 red devils
  A troll (D:9)
  3 tengu conjurers
  A bloated husk (Swamp:4)
  A meliai (shapeshifter) (D:15)
  11 tarantellas
  13 hornets
  A sphinx simulacrum (Zig:7)
  5 tyrant leeches
  2 polar bears
  5 blink frogs
  2 raiju (Abyss:4)
  A slime creature (shapeshifter) (Vaults:5)
  An iron dragon simulacrum (Depths:3)
  4 large abominations
  7 jumping spiders
  9 culicivoras
  A fire giant simulacrum (Zig:7)
  A shapeshifter (Abyss:4)
  7 water elementals
  A shadow (D:12)
  10 spriggans
  5 ynoxinuls
  2 small abominations (Abyss:1)
  9 wyverns
  2 fire bats (Depths:2)
  31 yaks
  A golden eye (shapeshifter) (Abyss:4)
  6 hogs (Swamp:3)
  16 humans (D:13)
  A basilisk (Lair:2)
  6 chaos spawn
  A steam dragon (D:8)
  30 redbacks
  2 neqoxecs (Pan)
  3 wargs
  14 swamp worms
  A swamp worm (shapeshifter) (Vaults:3)
  2 floating eyes
  7 water moccasins
  An acid dragon (D:12)
  5 hell hounds (D:15)
  26 orc warriors
  An ice beast (D:6)
  3 sky beasts
  5 swamp drakes
  5 ogres
  A black bear (D:5)
  A wolf (D:10)
  A boggart (D:15)
  6 centaurs
  2 kobold brigands
  Blork the orc (D:5)
  6 bullfrogs
  A necrophage (D:6)
  3 gnoll sergeants
  A scorpion (D:5)
  A human simulacrum (Depths:3)
  4 wights (D:8)
  3 killer bees (D:10)
  6 nameless horrors
  An electric eel (D:4)
  14 starcursed masses
  9 orc priests
  2 hounds (D:6)
  5 jellies
  A gnoll bouda (D:6)
  3 iguanas
  9 orc wizards
  2 mummies (Zig:2)
  20 gnolls
  3 adders
  A shadow imp (D:7)
  2 white imps
  3 ufetubi
  2 dart slugs
  45 orcs
  3 bats
  4 endoplasms
  A giant cockroach (D:3)
  10 goblins
  6 hobgoblins
  7 jackals
  2 quokkas
  4 ball pythons
  A frilled lizard (D:1)
  11 kobolds
  6 rats
  2 starspawn tentacles (Abyss:4)
  2 tentacles (Abyss:4)
1160 creatures vanquished.

Vanquished Creatures (others)
  A Killer Klown (Zig:13)
  15 eldritch tentacles
  A sphinx (shapeshifter) (Zig:13)
  A kraken (Abyss:4)
  2 very ugly things (Zig:13)
  A demonspawn blood saint (Pan)
  A lorocyproca (Zig:13)
  An ettin (Vaults:5)
  A yaktaur captain (Vaults:5)
  A radroach (Zig:6)
  An orc high priest (Orc:1)
  2 swamp dragons
  A spriggan druid (Swamp:3)
  2 orc knights (Orc:2)
  A starcursed mass (Abyss:4)
  A black mamba (Lair:6)
  2 rime drakes
  A nameless horror (Slime:1)
  2 komodo dragons
  An entropy weaver simulacrum (IceCv)
  A troll (Orc:2)
  2 bloated husks
  A polar bear (Lair:6)
  A tarantella (shapeshifter) (Zig:13)
  A jumping spider (Lair:3)
  A culicivora (Lair:3)
  7 yaks
  A wyvern (Lair:6)
  A chaos spawn (Zig:13)
  A swamp worm (Swamp:3)
  A demonic crawler simulacrum (IceCv)
  3 orc warriors (Orc:2)
  An ugly thing simulacrum (IceCv)
  3 wolves (Lair:3)
  A bullfrog (Lair:2)
  A wight (D:8)
  2 orc priests
  2 orc wizards
  3 orcs (Orc:2)
  A kobold (Abyss:4)
  14 foxfires
  28 fungi
  53 plants
  9 snaplasher vines
  5 starspawn tentacles (Abyss:4)
  5 tentacles (Abyss:4)
188 creatures vanquished.

Grand Total: 1720 creatures vanquished

Notes
Turn   | Place    | Note
-------+----------+-------------------------------------------
     0 | D:1      | iguanaiguana the Meteoran Summoner began the quest for the
                  | Orb.
     0 | D:1      | Reached XP level 1. HP: 14/14 MP: 5/5
     1 | D:1      | Noticed an electric eel
    41 | D:1      | Reached skill level 5 in Summonings
    60 | D:1      | Reached XP level 2. HP: 12/20 MP: 6/6
    99 | D:2      | Learned a level 2 spell: Call Imp
   153 | D:2      | Reached skill level 1 in Fighting
   354 | D:3      | Reached skill level 1 in Armour
   354 | D:3      | Reached XP level 3. HP: 26/28 MP: 4/8
   408 | D:2      | Found Zyit's Jewellery Emporium.
   429 | D:2      | Learned a level 3 spell: Call Canine Familiar
   546 | D:3      | Reached XP level 4. HP: 35/35 MP: 2/9
   553 | D:3      | Found a radiant altar of Vehumet.
   644 | D:3      | Reached skill level 6 in Summonings
   766 | D:3      | Reached XP level 5. HP: 36/41 MP: 10/10
   800 | D:4      | You fall into a shaft and drop 2 floors!
   820 | D:5      | Entered Level 5 of the Dungeon
   881 | D:5      | Found a shadowy altar of Dithmenos.
   924 | D:5      | Found Ecoywat's General Store.
  1082 | D:5      | Noticed an ogre
  1098 | D:5      | Reached XP level 6. HP: 52/52 MP: 6/11
  1099 | D:5      | Noticed Blork the orc
  1157 | D:5      | Killed Blork the orc
  1170 | D:5      | Reached skill level 7 in Summonings
  1217 | D:4      | Found a shimmering blue altar of Sif Muna.
  1220 | D:4      | Became a worshipper of Sif Muna the Loreminder
  1329 | D:4      | Found a transporter.
  1345 | D:4      | Reached XP level 7. HP: 40/59 MP: 7/12
  1352 | D:4      | Found a transporter.
  1406 | D:5      | Reached skill level 8 in Summonings
  1410 | D:5      | Learned a level 3 spell: Summon Guardian Golem
  1412 | D:5      | Noticed Grinder
  1416 | D:5      | Paralysed by Grinder for 5 turns
  1426 | D:5      | Paralysed by Grinder for 4 turns
  1432 | D:5      | Paralysed by Grinder for 4 turns
  1437 | D:5      | Killed Grinder
  1438 | D:5      | Reached XP level 8. HP: 50/66 MP: 10/13
  1539 | D:6      | Learned a level 4 spell: Summon Lightning Spire
  1556 | D:6      | Reached skill level 5 in Air Magic
  1706 | D:5      | Reached skill level 9 in Summonings
  1824 | D:6      | Gained mutation: You passively map the area around you.
                  | [Meteoran growth]
  1824 | D:6      | Reached XP level 9. HP: 70/71 MP: 3/15
  1903 | D:6      | Identified the +3 buckler of Jigsaw {*Corrode rC+ rN+ SInv
                  | Stlth+}
  2069 | D:7      | Reached * piety under Sif Muna
  2401 | D:8      | Reached skill level 10 in Summonings
  2418 | D:8      | Noticed Erica
  2428 | D:8      | Killed Erica
  2429 | D:8      | Reached skill level 5 in Invocations
  2429 | D:8      | Reached XP level 10. HP: 78/78 MP: 12/16
  2444 | D:8      | Found a flagged portal.
  2457 | Bailey   | Entered a bailey
  2561 | Bailey   | Noticed an orc knight
  2700 | D:8      | Found a staircase to the Lair.
  2711 | D:8      | Learned a level 2 spell: Blink
  2815 | D:8      | Reached skill level 1 in Evocations
  2907 | D:8      | Reached ** piety under Sif Muna
  2911 | D:8      | Reached skill level 1 in Throwing
  2994 | D:9      | Found a stormy altar of Qazlal.
  3032 | D:9      | Noticed a two-headed ogre
  3038 | D:9      | Killed a two-headed ogre
  3137 | D:9      | Reached XP level 11. HP: 84/84 MP: 9/18
  3216 | D:10     | Entered Level 10 of the Dungeon
  3302 | D:10     | Reached skill level 5 in Spellcasting
  3306 | D:10     | Reached skill level 5 in Fighting
  3309 | D:10     | Reached *** piety under Sif Muna
  3325 | D:10     | Found a staircase to the Orcish Mines.
  3342 | Orc:1    | Entered Level 1 of the Orcish Mines
  3387 | Orc:2    | Entered Level 2 of the Orcish Mines
  3387 | Orc:2    | Found Unud Zue's Weapon Boutique.
  3388 | Orc:2    | Noticed a two-headed ogre
  3408 | Orc:2    | Noticed a cyclops
  3549 | D:10     | Reached skill level 1 in Long Blades
  3565 | D:11     | Noticed a two-headed ogre
  3766 | D:10     | Reached skill level 5 in Long Blades
  3774 | D:10     | Noticed a manticore
  3784 | D:10     | Killed a manticore
  3787 | D:10     | Noticed an eight-headed hydra
  3788 | D:10     | Noticed a tengu warrior
  3788 | D:10     | Noticed a purple ugly thing
  3914 | Lair:1   | Entered Level 1 of the Lair of Beasts
  4030 | Lair:2   | Identified the amulet "Ehaitwan" {Will+ Regen+}
  4105 | Lair:2   | Reached skill level 5 in Armour
  4105 | Lair:2   | Reached skill level 5 in Dodging
  4105 | Lair:2   | Reached XP level 12. HP: 82/97 MP: 22/22
  4105 | Lair:2   | Found a frozen archway.
  4120 | Lair:2   | Reached **** piety under Sif Muna
  4165 | IceCv    | Entered an ice cave
  4193 | IceCv    | Upgraded the game from 0.29-a0-834-g1e95ca9f62 to
                  | 0.29-a0-838-g385bb11a5b
  4621 | Lair:3   | Noticed a seven-headed hydra
  4656 | Lair:3   | Killed a five-headed hydra
  4684 | Lair:3   | Noticed a five-headed hydra
  4693 | Lair:3   | Killed a three-headed hydra
  4750 | Lair:3   | Found a staircase to the Swamp.
  4903 | Lair:3   | Reached skill level 10 in Fighting
  4906 | Lair:3   | Reached skill level 10 in Invocations
  4911 | Lair:3   | Found a hole to the Spider Nest.
  4982 | Lair:3   | Reached XP level 13. HP: 106/113 MP: 9/23
  5025 | Lair:4   | Identified the +7 spear "Catukh" {freeze, *Corrode rElec
                  | rN+++ Int-5}
  5060 | Lair:5   | Reached ***** piety under Sif Muna
  5175 | Lair:5   | Received a gift from Sif Muna
  5176 | Lair:5   | Got Adeykak's Vellum of Pestilence and the Atmosphere {god
                  | gift}
  5243 | Lair:5   | Learned a level 4 spell: Airstrike
  5244 | Lair:6   | Entered Level 6 of the Lair of Beasts
  5245 | Lair:6   | Noticed a catoblepas
  5262 | Lair:6   | Killed a catoblepas
  5295 | Lair:5   | Reached skill level 10 in Air Magic
  5314 | Lair:6   | Found a staircase to the Slime Pits.
  5315 | Lair:6   | Found a viscous altar of Jiyva.
  5462 | Lair:6   | Noticed a catoblepas
  5476 | Lair:6   | Killed a catoblepas
  5645 | Lair:6   | Reached XP level 14. HP: 121/121 MP: 13/24
  6205 | D:10     | Reached skill level 5 in Translocations
  6362 | Orc:2    | Received a gift from Sif Muna
  6438 | Orc:1    | Found Awib Zawk's Antique Armour Emporium.
  6443 | Orc:1    | Bought a runed helmet for 195 gold pieces
  6449 | Orc:1    | Bought a runed robe for 96 gold pieces
  6466 | Orc:1    | Learned a level 6 spell: Summon Cactus Giant
  6485 | Orc:1    | Reached skill level 11 in Summonings
  6705 | Orc:2    | Found a staircase to the Elven Halls.
  6874 | Orc:2    | Found Wuamiu's Magic Scroll Boutique.
  6882 | Orc:2    | Reached skill level 12 in Summonings
  6890 | Orc:2    | Found Buzi's Distillery.
  7017 | Orc:2    | Reached skill level 13 in Summonings
  7117 | Orc:2    | Reached skill level 14 in Summonings
  7117 | Orc:2    | Reached XP level 15. HP: 99/123 MP: 8/25
  7163 | Orc:2    | Found Kuodil's Antique Armour Emporium.
  7163 | Orc:2    | Found Sierim's Jewellery Shoppe.
  7163 | Orc:2    | Found a one-way gate leading to the halls of Pandemonium.
  7172 | Orc:2    | Bought a ring of poison resistance for 280 gold pieces
  7172 | Orc:2    | Bought a +4 ring of protection for 504 gold pieces
  7205 | Orc:2    | Bought a scroll of identify for 22 gold pieces
  7205 | Orc:2    | Bought a scroll of identify for 22 gold pieces
  7205 | Orc:2    | Bought a scroll of magic mapping for 82 gold pieces
  7205 | Orc:2    | Bought a scroll of magic mapping for 82 gold pieces
  7205 | Orc:2    | Bought a scroll of summoning for 104 gold pieces
  7207 | Orc:2    | Bought a potion of heal wounds for 80 gold pieces
  7208 | Orc:2    | Identified a scroll of acquirement
  7209 | Orc:2    | Acquired a staff of air
  7243 | Orc:1    | Glimpsed the power of Zot.
  7370 | D:11     | Reached skill level 15 in Summonings
  7461 | D:11     | Found a runed translucent gate.
  7461 | D:11     | Found a runed translucent gate.
  7461 | D:11     | Noticed avis's ghost (novice DgIE)
  7462 | D:11     | Found a runed translucent gate.
  7465 | D:11     | Found a viscous altar of Jiyva.
  7495 | D:11     | Killed avis's ghost
  7710 | D:12     | Found a sacrificial altar of Ru.
  7748 | D:13     | Noticed Nessos
  7748 | D:13     | Found a gate to the Vaults.
  7757 | D:13     | Killed Nessos
  7759 | D:13     | Reached skill level 10 in Spellcasting
  7929 | D:12     | Found the +3 warlock's mirror {reflect}
  8294 | D:14     | Found an ornate altar of the Wu Jian Council.
  8419 | D:15     | Entered Level 15 of the Dungeon
  8453 | D:15     | Reached XP level 16. HP: 81/139 MP: 7/31
  8455 | D:15     | Noticed Louise
  8577 | D:15     | Killed Louise
  8589 | D:15     | Identified the ring "Guteaxzi" {Fly rF- Will+ Int+4 SInv}
  8628 | D:15     | Learned a level 4 spell: Passage of Golubria
  8699 | D:15     | Received a gift from Sif Muna
  8700 | D:15     | Got Ding's Spellbook of Combative Invitation {god gift}
  8709 | D:15     | Learned a level 7 spell: Summon Hydra
  9255 | D:15     | Found a staircase to the Depths.
  9264 | D:15     | Reached skill level 16 in Summonings
  9568 | Swamp:1  | Entered Level 1 of the Swamp
  9764 | Swamp:1  | You fall into a shaft and drop 1 floor!
  9895 | Swamp:1  | Learned a level 5 spell: Summon Forest
 10006 | Swamp:3  | Noticed Jorgrun
 10010 | Swamp:3  | Noticed Kirke
 10014 | Swamp:3  | Killed Jorgrun
 10017 | Swamp:3  | Killed Kirke
 10028 | Swamp:3  | Reached XP level 17. HP: 125/149 MP: 11/35
 10171 | Swamp:4  | Entered Level 4 of the Swamp
 10194 | Swamp:4  | Reached skill level 15 in Spellcasting
 10202 | Swamp:4  | Noticed a thorn hunter
 10209 | Swamp:4  | Killed a thorn hunter
 10239 | Swamp:4  | Reached skill level 17 in Summonings
 10320 | Swamp:4  | Got a decaying rune of Zot
 10559 | Spider:1 | Entered Level 1 of the Spider Nest
 10637 | Spider:1 | Reached skill level 18 in Summonings
 10649 | Spider:1 | Learned a level 8 spell: Summon Horrible Things
 10967 | Spider:4 | Entered Level 4 of the Spider Nest
 10976 | Spider:4 | Reached skill level 19 in Summonings
 10976 | Spider:4 | Gained mutation: You passively map a large area around you.
                  | [Meteoran growth]
 10976 | Spider:4 | Reached XP level 18. HP: 120/157 MP: 2/38
 10978 | Spider:4 | Paralysed by a jorogumo for 2 turns
 11113 | Spider:4 | Reached skill level 20 in Summonings
 11200 | Spider:4 | Got a gossamer rune of Zot
 11304 | Spider:1 | Noticed Agnes
 11320 | Spider:1 | Killed Agnes
 11540 | D:2      | Bought a ring of willpower for 325 gold pieces
 11618 | D:5      | Bought a scroll of teleportation for 42 gold pieces
 11618 | D:5      | Bought a scroll of immolation for 56 gold pieces
 11618 | D:5      | Bought a scroll of enchant weapon for 105 gold pieces
 11807 | D:10     | Reached skill level 21 in Summonings
 11869 | Vaults:1 | Entered Level 1 of the Vaults
 11929 | Vaults:1 | Received a gift from Sif Muna
 12075 | Vaults:2 | Reached skill level 22 in Summonings
 12121 | Vaults:2 | Acquired 1270 gold pieces
 12199 | Vaults:2 | Reached XP level 19. HP: 124/165 MP: 13/39
 12377 | Vaults:2 | Identified the +0 ring mail of Philately {rC- Will+ SInv}
 12441 | Vaults:3 | Reached skill level 15 in Fighting
 12641 | Vaults:4 | Received a gift from Sif Muna
 12650 | Vaults:5 | Entered Level 5 of the Vaults
 12729 | Vaults:5 | Noticed a lich
 12731 | Vaults:5 | Noticed a dread lich
 12735 | Vaults:5 | Noticed a Hell Sentinel
 12850 | Vaults:5 | Reached XP level 20. HP: 162/173 MP: 6/40
 13038 | Vaults:5 | Received a gift from Sif Muna
 13039 | Vaults:5 | Got Sif Muna's Volume of the Commander {god gift}
 13070 | Vaults:5 | Noticed a tentacled monstrosity
 13071 | Vaults:5 | Reached skill level 15 in Invocations
 13085 | Vaults:5 | Noticed an ancient lich
 13085 | Vaults:5 | Killed a tentacled monstrosity
 13146 | Vaults:5 | Noticed a tentacled monstrosity
 13153 | Vaults:5 | Killed a tentacled monstrosity
 13191 | Vaults:5 | Identified the +0 acid dragon scales of the Pits of Slime
                  | {rCorr Dex+2}
 13220 | Vaults:5 | Identified the +0 cloak "Dasan" {+Inv rF+ Dex+6 SInv}
 13292 | Vaults:5 | Reached XP level 21. HP: 166/194 MP: 23/41
 13405 | Vaults:5 | Reached skill level 5 in Shields
 13490 | Vaults:5 | Noticed a dread lich
 13524 | Vaults:5 | Killed a dread lich
 13589 | Vaults:5 | Noticed a tentacled monstrosity
 13592 | Vaults:5 | Killed an ancient lich
 13606 | Vaults:5 | Killed a tentacled monstrosity
 13771 | Vaults:5 | Got a silver rune of Zot
 13805 | Vaults:5 | Noticed a Brimstone Fiend
 13809 | Vaults:5 | Killed a dread lich
 13810 | Vaults:5 | Reached skill level 10 in Shields
 14410 | Slime:1  | Entered Level 1 of the Pits of Slime
 14597 | Slime:5  | Entered Level 5 of the Pits of Slime
 14619 | Slime:5  | Received a gift from Sif Muna
 14620 | Slime:5  | Got Sif Muna's Parchment of Air and Beckoning {god gift}
 14640 | Slime:5  | Noticed the Royal Jelly
 14641 | Slime:5  | Reached XP level 22. HP: 198/202 MP: 24/42
 14658 | Slime:5  | Killed the Royal Jelly
 14720 | Slime:5  | Found the +5 scythe "Finisher" {speed, eviscerate}
 14721 | Slime:5  | Found the +1 cloak of Starlight {*Dazzle EV+4 Stlth--}
 14726 | Slime:5  | Reached skill level 15 in Shields
 14756 | Slime:5  | Identified the ring of Cowardice {+Blink rElec rF+ rN+
                  | Will+}
 14856 | Slime:5  | Identified the ring of Okawaru's Benevolence {EV+4 Str+4}
 14863 | Slime:5  | Got the Incunabulum of the Cankerous Nimbus
 14877 | Slime:5  | Acquired the ring "Paginuihi" {Fly Will- rCorr Int+8
                  | Slay+4}
 14884 | Slime:5  | Got a slimy rune of Zot
 14925 | Slime:4  | Gained mutation: A frigid envelope surrounds you and
                  | freezes all who hurt you. [a shining eye]
 15148 | D:10     | Noticed Grum
 15154 | D:10     | Killed Grum
 15286 | Depths:1 | Entered Level 1 of the Depths
 15298 | Depths:1 | Noticed Aizul
 15300 | Depths:1 | Noticed Nikola
 15317 | D:15     | Killed Aizul
 15627 | Depths:1 | Killed Nikola
 15661 | Depths:1 | Noticed the Enchantress
 15674 | Depths:1 | Killed the Enchantress
 15686 | Depths:1 | Received a gift from Sif Muna
 15698 | Depths:1 | Learned a level 7 spell: Malign Gateway
 15809 | Depths:3 | Found a one-way gate to the infinite horrors of the Abyss.
 15819 | Depths:3 | Voluntarily entered the Abyss.
 15908 | Abyss:1  | Reached XP level 23. HP: 183/208 MP: 32/45
 15928 | Abyss:1  | Found a corrupted altar of Lugonu.
 15990 | Abyss:1  | Paralysed by accursed screaming for 1 turns
 16078 | Abyss:3  | Found a corrupted altar of Lugonu.
 16125 | Depths:3 | Escaped the Abyss
 16132 | Depths:3 | Received a gift from Sif Muna
 16133 | Depths:3 | Reached skill level 10 in Translocations
 16135 | Depths:3 | Reached skill level 15 in Air Magic
 16147 | Depths:3 | Voluntarily entered the Abyss.
 16225 | Abyss:4  | Got an abyssal rune of Zot
 16294 | Abyss:4  | Noticed a dread lich
 16351 | Depths:3 | Escaped the Abyss
 16376 | Depths:3 | Upgraded the game from 0.29-a0-838-g385bb11a5b to
                  | 0.29-a0-841-g116ddc6ace
 16381 | Depths:3 | Found a gateway to Hell.
 16446 | Depths:3 | HP: 4/209 [lich/bolt of cold (51)]
 16492 | Depths:3 | Learned a level 5 spell: Summon Mana Viper
 16503 | Depths:3 | Learned a level 8 spell: Maxwell's Capacitive Coupling
 16562 | Depths:4 | Entered Level 4 of the Depths
 16658 | Depths:4 | Found a one-way gateway to a ziggurat.
 16669 | Zig:1    | Entered Level 1 of a ziggurat
 16669 | Zig:1    | Noticed Deuphuxta the pandemonium lord
 16678 | Zig:1    | Killed Deuphuxta the pandemonium lord
 16691 | Zig:2    | Entered Level 2 of a ziggurat
 16702 | Zig:2    | Acquired Asmodeus's Parchment of Combat Magic
 16711 | Zig:3    | Entered Level 3 of a ziggurat
 16711 | Zig:3    | Noticed a pearl dragon
 16720 | Zig:3    | Killed a pearl dragon
 16731 | Zig:3    | Identified the amulet of Happiness {Spirit rElec Regen+
                  | Int+4}
 16733 | Zig:3    | Identified the +6 rapier "Muipn" {vorpal, rElec Int+3}
 16736 | Zig:4    | Entered Level 4 of a ziggurat
 16736 | Zig:4    | Noticed Ote Bajeh the pandemonium lord
 16744 | Zig:4    | Received a gift from Sif Muna
 16748 | Zig:4    | Killed Ote Bajeh the pandemonium lord
 16750 | Zig:4    | Reached XP level 24. HP: 83/216 MP: 45/45
 16752 | Zig:4    | Got Sif Muna's Disquisition on Assembling {god gift}
 16762 | Zig:4    | Reached XP level 25. HP: 95/224 MP: 35/45
 16769 | Zig:4    | Identified the +9 hand axe of Mopucyda {spect, +Blink}
 16780 | Zig:4    | Learned a level 7 spell: Storm Form
 16783 | Zig:5    | Entered Level 5 of a ziggurat
 16810 | Zig:6    | Entered Level 6 of a ziggurat
 16828 | Zig:6    | Identified the +8 plate armour of the Apprentice {Fly rCorr
                  | Str-4}
 16833 | Zig:6    | Identified the ring "Deastra" {Wiz Str+3 SInv}
 16842 | Zig:6    | Reached XP level 26. HP: 217/232 MP: 6/45
 16848 | Zig:7    | Entered Level 7 of a ziggurat
 16863 | Zig:7    | Reached skill level 1 in Unarmed Combat
 16884 | Zig:7    | Identified the ring of the Coward {Contam rC+ Will+++ EV+4}
 16892 | Zig:8    | Entered Level 8 of a ziggurat
 16914 | Zig:8    | Reached skill level 5 in Unarmed Combat
 16923 | Zig:8    | Identified the +9 plate armour of Refuge {+Blink Str-4
                  | Dex+3}
 16928 | Zig:9    | Entered Level 9 of a ziggurat
 16971 | Zig:9    | Identified the +7 halberd of the Transmuting Gods {spect,
                  | rElec rPois Dex+3}
 16995 | Zig:10   | Entered Level 10 of a ziggurat
 17030 | Zig:10   | Identified the +7 flail of Dalust {flame, *Slow rN++
                  | Will++}
 17033 | Zig:10   | Got The Last Folio of Boris
 17037 | Zig:11   | Entered Level 11 of a ziggurat
 17087 | Zig:11   | Got the Anthology of Entrancing Transposition
 17094 | Zig:11   | Learned a level 5 spell: Manifold Assault
 17099 | Zig:11   | Acquired a book of Necromancy
 17120 | Zig:11   | Learned a level 1 spell: Apportation
 17124 | Zig:11   | Learned a level 3 spell: Swiftness
 17129 | Zig:12   | Entered Level 12 of a ziggurat
 17173 | Zig:12   | Got Sif Muna's Anthology of Minerals and the Barrage
 17194 | Zig:12   | Got the Guide on Distorted Beckoning
 17197 | Zig:12   | Acquired 541 gold pieces
 17203 | Zig:13   | Entered Level 13 of a ziggurat
 17223 | Zig:13   | Noticed a Killer Klown
 17224 | Zig:13   | Noticed Kigolyxo the pandemonium lord
 17224 | Zig:13   | Noticed Axuophiu the pandemonium lord
 17226 | Zig:13   | Killed a Killer Klown
 17227 | Zig:13   | Noticed a Killer Klown
 17229 | Zig:13   | Killed a Killer Klown
 17241 | Zig:13   | Killed Axuophiu the pandemonium lord
 17246 | Zig:13   | Killed Kigolyxo the pandemonium lord
 17255 | Zig:13   | Got Faaczoud's Lost Secrets of Theurgy
 17260 | Zig:13   | Identified the +0 pair of boots of Keyc {Int+3 Stlth-}
 17278 | Zig:14   | Entered Level 14 of a ziggurat
 17288 | Zig:14   | Noticed a shard shrike
 17291 | Zig:14   | Noticed a shard shrike
 17292 | Zig:14   | Noticed a shard shrike
 17292 | Zig:14   | Noticed a shard shrike
 17293 | Zig:14   | Killed a shard shrike
 17293 | Zig:14   | Noticed a shard shrike
 17304 | Zig:15   | Entered Level 15 of a ziggurat
 17305 | Zig:15   | Reached XP level 27. HP: 128/238 MP: 46/47
 17317 | Zig:15   | Learned a level 9 spell: Dragon's Call
 17389 | Zig:15   | Reached skill level 10 in Transmutations
 17401 | Zig:15   | Identified the +1 pair of boots of Gibb {+Blink Will-
                  | Int+9}
 17600 | Depths:4 | Found a gate to the Realm of Zot.
 17750 | Depths:2 | Reached skill level 23 in Summonings
 17817 | Depths:2 | Received a gift from Sif Muna
 17818 | Depths:2 | Got Sif Muna's Octavo of Permutations {god gift}
 17856 | Depths:2 | You are sucked into a shaft and drop 2 floors!
 18029 | Depths:1 | Reached skill level 24 in Summonings
 18069 | Depths:1 | Found an iron altar of Okawaru.
 18088 | Depths:1 | Found the +4 Cigotuvi's embrace {rMiasma Drain rN+}
 18710 | Pan      | Entered Pandemonium
 18850 | Pan      | Reached skill level 15 in Unarmed Combat
 19191 | Pan      | Found a runed translucent door.
 19191 | Pan      | Found a runed translucent door.
 19195 | Pan      | Noticed Jaoryl the pandemonium lord
 19196 | Pan      | Received a gift from Sif Muna
 19208 | Pan      | Killed Jaoryl the pandemonium lord
 19215 | Pan      | Noticed Mennas
 19228 | Pan      | Killed Mennas
 19231 | Pan      | Found a runed translucent door.
 19236 | Pan      | Found a runed translucent door.
 19316 | Pan      | Noticed Korizu the pandemonium lord
 19329 | Pan      | Killed Korizu the pandemonium lord
 19333 | Pan      | HP: 11/238 [Brimstone Fiend (12)]
 19333 | Pan      | Killed from afar by a ynoxinul

Illustrated notes

Levels and vault maps discovered:
D:1:      arrival_aquarium_a, layout_loops_cross,
          shapermc_ecumenical_altar_notcrosses
D:2:      layout_basic, serial_shops, shop, kennysheep_path_1
D:3:      layout_rooms, mainiacjoe_overflow_concentric_impassable
D:4:      gammafunk_steamed_eel, layout_loops_ring,
          nicolae_sif_muna_little_library, amcnicky_mini_rare_corridor_liquid
D:5:      layout_loops_corners, grunt_dithmenos_smoke, grunt_decor_junction,
          nicolae_inconvenience_store, uniq_grinder, uniq_blork_the_orc
D:6:      layout_loops_ring
D:7:      layout_loops_corners, okawaru_metal_pillars_1_2,
          minmay_temple_entry_slanted
D:8:      layout_cave_pools, lair_entry_dummy, enter_bailey_3,
          roderic_serpentine_path, minmay_curled_crystal,
          eino_small_chamber_without_monster, minmay_circle_x, uniq_erica
D:9:      layout_cave_pools, nicolae_qazlal_general_emergency
D:10:     layout_basic, david_orc_5, minivault_28, uniq_grum
D:11:     layout_small_grid, special_room [special_room_bee],
          gammafunk_ghost_ooze, kennysheep_opposing_triangles, uniq_maurice
D:12:     minmay_smoke_and_mirrors, layout_loops_cross,
          nicolae_ru_great_annihilating_truth, uniq_frances
D:13:     layout_irregular_city, david_vaults_3, serial_shops,
          nicolae_shop_hallway_plus, nrook_mini_vaults
D:14:     layout_roguey, nicolae_wu_jian_immortal_techniques,
          kennysheep_kite_vault
D:15:     grunt_enter_depths_snipers, layout_basic,
          roderic_lattice_octagonal_star, minmay_rotating_lava, uniq_louise
Lair:1:   layout_cave_pods, grunt_megastairs_4, uniq_amaemon
Lair:2:   layout_regular_city, portal_ice_cave_entry_pillars_2,
          grunt_megastairs_5
Lair:3:   layout_regular_city, palyth_hydra_swamp_entry,
          hellmonk_spider_entry_life_and_decay, guppyfry_lair_drakes,
          serial_bayou_shore_b, uniq_gastronok
Lair:4:   layout_roguey [special_room_mythical_zoo], serial_forest,
          infiniplex_forest_clump_tiny, infiniplex_forest_fountain,
          infiniplex_forest_pool, infiniplex_forest_clump_double,
          infiniplex_forest_lined_4_way, infiniplex_forest_clump_large,
          nzn_masters_of_martial_movement
Lair:5:   layout_regular_city, lemuel_fruit_fields
Lair:6:   hangedman_lair_tendril_chambers, layout_small_grid, wormcave,
          nicolae_slime_entry_slimehenge, grunt_megastairs_1
Swamp:1:  layout_falls_marsh, evilmike_swamp_ruin_house_2, swamp_pool5
Swamp:2:  layout_basic_swamp, hangedman_swamp_cone
Swamp:3:  layout_falls_marsh, evilmike_swamp_ruin_rubble_2, swamp_pool5,
          uniq_jorgrun, uniq_kirke
Swamp:4:  swamp_alternative, layout_basic_swamp, swamp_pool3
Spider:1: layout_cave_pods, uniq_agnes
Spider:2: layout_cave_pods
Spider:3: layout_spider_delve, hangedman_spider_tarantella_strand
Spider:4: hellmonk_spider_rune_endless_swarm, gammafunk_ghost_mausoleum
Slime:1:  layout_caves, basic_altar, nicolae_slime_barrier
Slime:2:  layout_caves
Slime:3:  layout_caves
Slime:4:  layout_caves
Slime:5
Orc:1:    layout_caves, nicolae_volcano_entry_s_turn, serial_shops,
          nicolae_shop_hallway_plus, nicolae_orc_tapped_out
Orc:2:    pf_orc_diabolical, layout_caves, serial_shops,
          nicolae_shop_hallway_stairs
Vaults:1: vaults_room_semicircle, ontoclasm_vaults_ring_square,
          vaults_dpeg_cross, v_pattern_4, nicolae_vaults_angled_halls,
          vaults_room_grunt_arrival_checkpoint, nicolae_vaults_little_squares_6,
          nicolae_vaults_rhombus_5, v_misc_26, vaults_dpeg_encased_lava,
          layout_vaults_chaotic_city
Vaults:2: v_misc_9, minmay_crypt_entry_necro_gods,
          nicolae_vaults_know_your_exits, v_alt_pattern_6,
          hangedman_vaults_slice, nicolae_vaults_shelves_hall,
          vaults_dpeg_hooks, layout_vaults_quadrants
Vaults:3: nicolae_vaults_bisected_inception, nicolae_vaults_stairing_the_circle,
          v_misc_31, hangedman_vaults_nodes, st_smaller_cells,
          nicolae_vaults_little_squares_1, nicolae_vaults_disjoint_gnomons,
          v_misc_25, nicolae_vaults_network_star, hangedman_vaults_impose,
          ontoclasm_vaults_fault, v_misc_29, grunt_vaults_focal,
          grunt_vaults_hallway_long, nicolae_vaults_diagonal_hallway_8,
          layout_vaults_maze_snakey, uniq_saint_roka
Vaults:4: v_pattern_2, nicolae_vaults_little_squares_1, v_misc_3,
          ontoclasm_vaults_shuriken, hangedman_vaults_snaps, v_alt_pattern_3,
          nicolae_vaults_triangles, hangedman_vaults_maws,
          nicolae_vaults_diagonal_hallway_8, layout_vaults_omnibox
Vaults:5
Depths:1: evilmike_iron_armoury, layout_cave_pools, kennysheep_another_room,
          grunt_hell_entry_dis_old, amcnicky_mini_pool_small,
          kennysheep_pointless_box, minivault_16, dk_noncrumbling_3,
          minmay_statues_item, minmay_three_doors, uniq_enchantress,
          uniq_nikola, uniq_aizul
Depths:2: nicolae_cairo_tiling_very_big, layout_cave_pools,
          hangedman_decor_diamond_cutter, rand_demon_pan_entry_1, hellmouth_1
Depths:3: kennysheep_demon_jail, layout_cave_pools, abyss_entry,
          minmay_misc_feat_columns, hell_entry, kennysheep_island_fort
Depths:4: grunt_runaround [grunt_runaround_doors_1, grunt_runaround_doors_2,
          grunt_runaround_doors_3, grunt_runaround_doors_4,
          grunt_runaround_zot], hell_entry
Pan:      evilmike_mini_pan_3x3, layout_basic, pan_blood_fountain_small,
          evilmike_mini_pan_pillars, layout_chambers, evilmike_mini_pan_diamond,
          layout_pan_divisions_b [pan_division_quadrant_b1,
          pan_division_quadrant_b6, pan_division_quadrant_b3,
          pan_division_quadrant_b3], evilmike_mini_pan_layers,
          layout_onion_city, pan_blood_fountain_small, nicolae_pan_sigil_eeng,
          rand_demon_7, layout_onion_city, uniq_mennas_pan,
          evilmike_mini_pan_corridor, layout_cross

Skill      XL: |  1  2  3  4  5  6  7  8  9 10 11 12 13 14 15 16 17 18 19 20 21 22 23 24 25 26 27 |
---------------+----------------------------------------------------------------------------------+-----
Summonings     | 5 6 7 8 9 10 14 15 16 19 22 24 | 24.0
Fighting       | 1 2 4 6 10 12 13 17 18 | 18.0
Armour         | 1 2 3 5 6 |  6.0
Hexes          | 2 |  2.0
Air Magic      | 4 6 8 13 14 18 19 | 19.9
Spellcasting   | 3 6 10 13 15 17 19 | 19.0
Shields        | 4 13 15 | 15.0
Invocations    | 5 8 10 12 17 | 17.4
Evocations     | 4 |  4.0
Throwing       | 4 |  4.0
Dodging        | 3 5 6 |  6.0
Translocations | 3 4 6 8 10 | 10.9
Long Blades    | 6 |  6.0
Transmutations | 6 7 12 | 12.0
Unarmed Combat | 11 17 | 17.4
Stealth        | |  1.4

Action                   |  1- 3 |  4- 6 |  7- 9 | 10-12 | 13-15 | 16-18 | 19-21 | 22-24 | 25-27 || total
-------------------------+-------+-------+-------+-------+-------+-------+-------+-------+-------++-------
Melee: Unarmed           |     8 |       |       |       |     7 |       |       |       |   351 ||   366
       Dagger            |    14 |    43 |    33 |       |       |       |       |       |       ||    90
       Whip              |       |       |    36 |       |       |       |       |       |       ||    36
       Scimitar          |       |       |       |   148 |   194 |    55 |    65 |   113 |       ||   575
       Staff             |       |       |       |       |     8 |    55 |    42 |     9 |     1 ||   115
       Punch             |       |       |       |       |       |       |       |       |    17 ||    17
Throw: Dart              |       |     2 |       |       |       |       |       |       |       ||     2
       Throwing net      |       |       |       |       |       |     1 |       |       |       ||     1
 Cast: Summon Small Mamm |    19 |    10 |     2 |       |       |       |       |       |       ||    31
       Call Imp          |     6 |    11 |    11 |    18 |     6 |       |       |       |       ||    52
       Call Canine Famil |     1 |    13 |    14 |    34 |    31 |     4 |       |       |       ||    97
       Summon Guardian G |       |       |     4 |    20 |    28 |     5 |     2 |       |       ||    59
       Summon Lightning  |       |       |    13 |    52 |    74 |    23 |       |     3 |       ||   165
       Blink             |       |       |       |     2 |     3 |     6 |       |     9 |     2 ||    22
       Airstrike         |       |       |       |       |    80 |    57 |    16 |    11 |       ||   164
       Summon Cactus Gia |       |       |       |       |    28 |    14 |     4 |     1 |       ||    47
       Discord           |       |       |       |       |     3 |     1 |     1 |       |     1 ||     6
       Summon Hydra      |       |       |       |       |       |    77 |    53 |    27 |     5 ||   162
       Passage of Golubr |       |       |       |       |       |     8 |       |     6 |     1 ||    15
       Summon Forest     |       |       |       |       |       |    11 |     4 |     9 |     6 ||    30
       Summon Horrible T |       |       |       |       |       |    47 |    82 |    84 |    35 ||   248
       Malign Gateway    |       |       |       |       |       |       |       |     3 |    16 ||    19
       Maxwell's Capacit |       |       |       |       |       |       |       |     3 |     3 ||     6
       Summon Mana Viper |       |       |       |       |       |       |       |     1 |     8 ||     9
       Storm Form        |       |       |       |       |       |       |       |       |    28 ||    28
       Manifold Assault  |       |       |       |       |       |       |       |       |    43 ||    43
       Apportation       |       |       |       |       |       |       |       |       |     7 ||     7
       Dragon's Call     |       |       |       |       |       |       |       |       |    16 ||    16
Invok: Channel Magic     |       |       |       |     3 |     9 |    11 |     6 |     5 |    11 ||    45
       Divine Exegesis   |       |       |       |       |     3 |     1 |     1 |       |     1 ||     6
       Forget Spell      |       |       |       |       |       |     1 |       |     3 |     2 ||     6
 Abil: Blinkbolt         |       |       |       |       |       |       |       |       |    16 ||    16
       End Transformatio |       |       |       |       |       |       |       |       |     1 ||     1
Evoke: Wand              |       |     1 |     1 |     2 |     2 |     1 |     1 |     1 |     2 ||    11
       Tin of tremorston |       |       |       |       |       |     2 |     2 |       |       ||     4
       Condenser vane    |       |       |       |       |       |       |     1 |     2 |     1 ||     4
       Phial of floods   |       |       |       |       |       |       |     1 |     1 |       ||     2
       Lightning rod     |       |       |       |       |       |       |       |     3 |       ||     3
       Phantom mirror    |       |       |       |       |       |       |       |       |     2 ||     2
  Use: Scroll            |     1 |     2 |     3 |    13 |    11 |     8 |     8 |     9 |    11 ||    66
       Potion            |       |       |     2 |     3 |     3 |     3 |     5 |     6 |    11 ||    33
 Stab: Distracted        |       |     1 |     2 |     7 |     6 |     2 |     9 |     4 |     8 ||    39
       Sleeping          |       |       |       |     1 |     1 |       |       |       |       ||     2
       Paralysed         |       |       |       |       |     1 |       |       |     2 |       ||     3
       Held in net/web   |       |       |       |       |       |     2 |       |       |       ||     2
Armor: Robe              |     5 |       |       |       |    37 |   139 |    84 |    88 |     2 ||   355
       Ring mail         |     8 |    33 |    62 |    52 |    39 |       |       |       |       ||   194
       Skin              |       |       |       |       |    21 |       |       |       |    80 ||   101
Dodge: Dodged            |    24 |    26 |    48 |   101 |   186 |   185 |    98 |    74 |   329 ||  1071
Block: Buckler           |       |       |    11 |    79 |   144 |   128 |    67 |       |       ||   429
       Reflection        |       |       |       |       |     4 |    23 |    11 |       |       ||    38
       Tower shield      |       |       |       |       |       |       |    92 |   287 |    16 ||   395

Table legend: (Time is in decaauts)
 A = Elapsed time spent in this place.
 B = Non-inter-level travel time spent in this place.
 C = Inter-level travel time spent in this place.
 D = Time resting spent in this place.
 E = Time spent auto-exploring this place.
 F = Levels seen in this place.
 G = Mean time per level.
                   A        B        C        D        E       F      G
               +--------+--------+--------+--------+--------+-----+--------+
         Total |  19526 |   9123 |  10403 |     84 |    157 |  73 |  267.5 |
       Dungeon |   7204 |   2272 |   4932 |     29 |     79 |  15 |  480.3 |
          Lair |   2866 |    982 |   1884 |     27 |     30 |   6 |  477.7 |
         Swamp |    907 |    394 |    513 |      0 |      0 |   4 |  226.8 |
   Spider Nest |    762 |    439 |    323 |      0 |      7 |   4 |  190.5 |
    Slime Pits |    542 |    432 |    110 |     28 |      0 |   5 |  108.4 |
  Orcish Mines |   1103 |    522 |    581 |      0 |      0 |   2 |  551.5 |
        Vaults |   2259 |   1243 |   1016 |      0 |      0 |   5 |  451.8 |
        Depths |   1869 |    827 |   1042 |      0 |     41 |   4 |  467.2 |
         Abyss |    530 |    530 |      0 |      0 |      0 |   5 |  106.0 |
   Pandemonium |    593 |    593 |      0 |      0 |      0 |   6 |   98.8 |
      Ziggurat |    700 |    700 |      0 |      0 |      0 |  15 |   46.7 |
        Bailey |    134 |    134 |      0 |      0 |      0 |   1 |  134.0 |
      Ice Cave |     52 |     52 |      0 |      0 |      0 |   1 |   52.0 |
               +--------+--------+--------+--------+--------+-----+--------+

Top non-repeatable levels by time:
Vaults:5: 1209 daAuts
    D:15: 1116 daAuts
  Lair:6: 836 daAuts
  Lair:3: 816 daAuts
   Orc:2: 762 daAuts
    D:10: 749 daAuts
     D:8: 721 daAuts
Depths:1: 686 daAuts
     D:5: 638 daAuts
     D:6: 603 daAuts
  Lair:2: 548 daAuts
    D:12: 503 daAuts
    D:11: 487 daAuts
     D:2: 459 daAuts
Depths:2: 456 daAuts
